 Seeded DCSS version 0.25.1-2-g60ff931df9 (webtiles) character file.

Game seed: 12817636582 (custom seed)

191 ThatOtherGuy53 the Chiller (level 5, -9/28 HPs)
             Began as a Deep Elf Ice Elementalist on Nov 6, 2020.
             Shot with an arrow by a centaur (17 damage)
             ... on level 3 of the Dungeon.
             The game lasted 00:12:19 (2832 turns).

ThatOtherGuy53 the Chiller (DEIE)                   Turns: 2832, Time: 00:12:19

Health: -9/28      AC:  3    Str:  6    XL:     5   Next: 41%
Magic:  14/14      EV: 14    Int: 20    God:
Gold:   174        SH:  0    Dex: 15    Spells: 5/13 levels left

rFire    . . .     SeeInvis .   d - +0 spear
rCold    . . .     Gourm    .   (no shield)
rNeg     . . .     Faith    .   a - +0 robe
rPois    .         Spirit   .   (no helmet)
rElec    .         Reflect  .   (no cloak)
rCorr    .         Harm     .   p - +0 pair of gloves
MR       .....                  (no boots)
Stlth    ++........             (no amulet)
HPRegen  0.09/turn              (no ring)
MPRegen  0.14/turn              (no ring)

@: no status effects
A: no striking features
a: no special abilities


You were on level 3 of the Dungeon.
You were not hungry.

You visited 1 branch of the dungeon, and saw 3 of its levels.

You collected 174 gold pieces.

Inventory:

Hand Weapons
 d - a +0 spear (weapon)
Missiles
 e - 89 stones
 t - 3 poisoned darts (quivered)
Armour
 a - a +0 robe (worn)
 p - a +0 pair of gloves (worn)
Jewellery
 h - an uncursed amulet of faith
 o - an uncursed ring of protection from cold {unknown}
Scrolls
 b - 5 scrolls of remove curse {unknown}
 f - 2 scrolls of noise {unknown}
 g - 2 scrolls of immolation {unknown}
 i - 3 scrolls of teleportation {unknown}
 k - a scroll of blinking {unknown}
 m - a scroll of enchant weapon {unknown}
 n - 2 scrolls of identify {unknown}
 r - a scroll of fear {unknown}
Potions
 j - 3 potions of curing {unknown}
 l - a potion of heal wounds {unknown}
 q - 3 potions of brilliance {unknown}
 u - a potion of degeneration {unknown}
Comestibles
 c - 9 rations
 s - 10 chunks of flesh


   Skills:
 + Level 3.7 Dodging
 - Level 2.4 Stealth
 + Level 4.8 Spellcasting
 * Level 2.3 Summonings
 + Level 5.4 Ice Magic


You had 5 spell levels left.
You knew the following spells:

 Your Spells              Type           Power        Failure   Level  Hunger
a - Freeze                Ice            ####         1%          1    None
b - Frozen Ramparts       Ice            ####..       3%          3    ##.....
c - Summon Ice Beast      Ice/Summ       ###.....     24%         4    ####...

Your spell library contained the following spells:

 Spells                   Type           Power        Failure   Level  Hunger
 Call Imp                 Summ           ##......     7%          2    #......
 Magic Dart               Conj           #...         12%         1    None
 Ozocubu's Armour         Chrm/Ice       ###.....     12%         3    ##.....
 Blink                    Tloc           N/A          19%         2    #......
 Slow                     Hex            #.......     19%         2    #......
 Conjure Flame            Conj/Fire      #.......     34%         3    ##.....
 Mephitic Cloud           Conj/Pois/Air  #.......     34%         3    ##.....
 Hailstorm                Conj/Ice       ###.....     36%         4    ####...


Dungeon Overview and Level Annotations

Branches:
Dungeon (3/15)

Altars:
The Shining One


Message History

a +0 club; a bat skeleton; a kobold corpse; a hobgoblin skeleton
There is an open door here.
There is an open door here.
Found 18 bolts.
A centaur comes into view.
The centaur shouts!
A rat comes into view.
The centaur wields a cursed -2 shortbow.
The centaur shoots an arrow.
The arrow barely misses you.
There are monsters nearby!
The centaur shoots an arrow.
The arrow hits you!
Ouch! That really hurt!
You see here an arrow.
The centaur shoots an arrow.
The arrow hits you!
* * * LOW HITPOINT WARNING * * *
You see here an arrow.
The centaur shoots an arrow.
The arrow barely misses you.
The centaur shoots an arrow.
The arrow hits you!
Ouch! That really hurt!
You die...

#......'..#........#
..
#.######..#........#
#. #.# #..##########
... #.# ########## ###
#.###........#####
#...'............#####
#####........###.....#
#.........((.....+
#........@.......#
#........####[...#
#..c.....# #...)#
########....r...#
#)...#
#....(.((.......#
#....#
#..(.....########
#....# #........#
#....# #.......r#
###.## #........# #.##


You could see a centaur and a rat.

Vanquished Creatures
  An orc wizard (D:3)
  Terence (D:1)
  5 gnolls
  An adder (D:3)
  A shadow imp (D:3)
  2 worms
  A leopard gecko (D:1)
  7 orcs (D:3)
  8 bats
  4 giant cockroaches
  8 goblins
  7 hobgoblins
  3 quokkas (D:3)
  3 frilled lizards (D:1)
  7 kobolds
  8 rats
67 creatures vanquished.

Notes
Turn   | Place    | Note
-------+----------+-------------------------------------------
     0 | D:1      | ThatOtherGuy53 the Deep Elf Ice Elementalist began the
                  | quest for the Orb.
     0 | D:1      | Reached XP level 1. HP: 10/10 MP: 6/6
   211 | D:1      | Reached XP level 2. HP: 15/15 MP: 5/8
   762 | D:2      | Noticed Terence
  1154 | D:1      | Reached XP level 3. HP: 19/19 MP: 8/10
  1159 | D:1      | Learned a level 3 spell: Frozen Ramparts
  1552 | D:1      | Killed Terence
  1552 | D:1      | Reached skill level 5 in Ice Magic
  1616 | D:1      | Reached XP level 4. HP: 14/24 MP: 8/12
  1622 | D:1      | Learned a level 4 spell: Summon Ice Beast
  1778 | D:2      | Found a glowing golden altar of the Shining One.
  2138 | D:3      | Reached skill level 1 in Summonings
  2320 | D:3      | Reached XP level 5. HP: 28/28 MP: 10/14
  2822 | D:3      | Noticed a centaur
  2832 | D:3      | Shot with an arrow by a centaur

Illustrated notes

Levels and vault maps discovered:
D:1:      dpeg_arrival_prison, layout_basic, st_stairs_14
D:2:      layout_rooms, tso_oasis_becter, uniq_terence
D:3:      cheibrodos_helix_gallery, layout_basic, first_ration,
          grunt_ministairs_2, kennysheep_generic_room_6, uniq_natasha

Skill      XL: |  1  2  3  4  5 |
---------------+----------------+-----
Dodging        | 3 |  3.7
Spellcasting   | 4 |  4.8
Ice Magic      | 5 |  5.4
Summonings     | 1 2 |  2.3
Stealth        | |  2.4

Action                   |  1- 3 |  4- 6 || total
-------------------------+-------+-------++-------
Melee: Unarmed           |     2 |       ||     2
       Spear             |     5 |    19 ||    24
 Cast: Freeze            |    36 |    22 ||    58
       Frozen Ramparts   |     3 |     8 ||    11
 Stab: Sleeping          |     2 |     2 ||     4
       Distracted        |       |     1 ||     1
  Eat: Chunk             |     2 |     1 ||     3
       Ration            |       |     1 ||     1
Armor: Robe              |     3 |     4 ||     7
Dodge: Dodged            |    19 |    24 ||    43
